AoeStats
← Ansrad

Arena

510238394Analyzed
1v1 RM · 2d ago on Sep 30, 2026· 37m 33s· 2 players
Game mode
Random Map
Map size
Tiny (2 player)
Population
200
Speed
Normal
Resources
Standard
Victory
Conquest
Starting age
Dark Age
Ending age
Imperial Age
RankedLock teamsTeams togetherTeam positionsShared explorationLock speedFull tech treeHidden civsTurbo modeCheats
Victory
Defeat
🇨🇳 Franks · China
754
+15
🇨🇱 Persians · Chile
739
-15
Ansrad
11:27 Feudal Age
13:02 Loom
15:43 Castle Age
13:43 Double-Bit Axe
15:39 Scale Barding Armor
21:10 Bow Saw
26:38 Devotion
29:59 Imperial Age
28:34 Devotion
30:06 Chain Barding Armor
29:58 Forging
32:19 Wheelbarrow
33:47 Pikeman
34:13 Gambesons
34:29 Squires
3379631833
0:40 Loom
12:39 Feudal Age
14:34 Double-Bit Axe
18:51 Castle Age
16:52 Man-at-Arms
21:08 Bow Saw
21:10 Gold Mining
24:09 Pikeman
24:50 Squires
24:54 Scale Mail Armor
25:05 Forging
26:55 Gold Shaft Mining
26:22 Stone Mining
Connection lost

Rejoining the realm…

Still unreachable

The connection could not be restored.

Session expired

The server has moved on; the page needs a fresh start.